AoeStats
← Don Jaime

Glade

511778564Analyzed
1v1 RM · 8d ago on Oct 6, 2026· 45m 1s· 2 players
Game mode
Random Map
Map size
Tiny (2 player)
Population
200
Speed
Normal
Resources
Standard
Victory
Conquest
Starting age
Dark Age
Ending age
Imperial Age
RankedLock teamsTeams togetherTeam positionsShared explorationLock speedFull tech treeHidden civsTurbo modeCheats
Victory
Defeat
🇪🇸 Byzantines · Spain
747
+16
vs
🇦🇷 Bohemians · Argentina
737
-16
Don Jaime
0:31 Loom
3:24 Loom
11:30 Feudal Age
13:43 Horse Collar
13:52 Double-Bit Axe
15:07 Wheelbarrow
15:26 Fletching
18:29 Forging
20:02 Padded Archer Armor
24:48 Castle Age
24:04 Town Watch
25:41 Husbandry
26:24 Bodkin Arrow
29:39 Iron Casting
30:37 Ballistics
30:13 Murder Holes
31:19 Chemistry
31:42 Redemption
33:03 Sanctity
32:45 Herbal Medicine
33:25 Leather Archer Armor
33:15 Scale Mail Armor
35:00 Scale Barding Armor
35:28 Wagenburg Tactics
35:46 Squires
35:35 Arson
36:41 Bow Saw
39:01 Hand Cart
40:47 Fervor
43:19 Imperial Age
41:31 Town Patrol
43:47 Masonry
chesbass
13:19 Feudal Age
17:15 Castle Age
15:23 Horse Collar
16:53 Double-Bit Axe
19:32 Wheelbarrow
19:13 Bow Saw
20:17 Heavy Plow
21:05 Hand Cart
23:16 Gold Mining
25:06 Gold Shaft Mining
25:47 Loom
26:55 Treadmill Crane
30:32 Ballistics
30:23 Murder Holes
30:31 Stone Mining
33:29 Imperial Age
32:09 Stone Shaft Mining
35:10 Chemistry
33:39 Capped Ram
34:41 Conscription
34:03 Elite Cataphract
34:47 Siege Ram
36:03 Guilds
Connection lost

Rejoining the realm…

Still unreachable

The connection could not be restored.

Session expired

The server has moved on; the page needs a fresh start.